 Dungeon Crawl Stone Soup version 0.21-a0-273-g0785366 (webtiles) character file.

30 Espgualade the Skirmisher (level 3, -11/22 HPs)
             Began as a Tengu Ice Elementalist on Sept 16, 2017.
             Killed from afar by an adder (25 damage)
             ... with an exploding inner flame
             ... hexed by the player character
             ... on level 2 of the Dungeon.
             The game lasted 00:01:48 (1213 turns).

Espgualade the Skirmisher (Tengu Ice Elementalist)  Turns: 1213, Time: 00:01:48

Health: -11/22     AC:  2    Str:  8    XL:     3   Next: 18%
Magic:  0/7        EV: 12    Int: 16    God:
Gold:   30         SH:  0    Dex: 14    Spells: 0/6 levels left

rFire    . . .     SeeInvis .   d - +0 mace
rCold    . . .     Gourm    .   (no shield)
rNeg     . . .     Faith    .   a - +0 robe
rPois    .         Spirit   .   (helmet restricted)
rElec    .         Reflect  .   (no cloak)
rCorr    .         Harm     .   (no gloves)
MR       .....                  (boots unavailable)
Stlth    ++........             (no amulet)
HPRegen  0.07/turn              (no ring)
MPRegen  0.10/turn              (no ring)

@: lethally poisoned (-11 -> -13)
A: beak, talons 3
a: no special abilities


You were on level 2 of the Dungeon.
You were not hungry.

You visited 1 branch of the dungeon, and saw 2 of its levels.

You collected 30 gold pieces.

Inventory:

Hand Weapons
 d - a +0 mace (weapon)
Armour
 a - a +0 robe (worn)
Scrolls
 g - a scroll of fog {unknown}
 h - a scroll of immolation
 j - a scroll of enchant armour {unknown}
Potions
 e - 2 potions of invisibility {unknown}
 f - a potion of heal wounds {unknown}
Books
 b - a book of Frost

   Spells                             Type                      Level
   a - Freeze                         Ice                          1
   b - Throw Frost                    Conjuration/Ice              2
   c - Ozocubu's Armour               Charms/Ice                   3
   d - Throw Icicle                   Conjuration/Ice              4
   e - Summon Ice Beast               Ice/Summoning                4
Comestibles
 c - 2 bread rations
 i - a royal jelly
 k - a chunk of flesh


   Skills:
 + Level 2.7 Fighting
 - Level 2.1 Dodging
 - Level 2.0 Stealth
 - Level 2.0 Spellcasting
 - Level 1.3 Conjurations
 - Level 2.6 Ice Magic


You couldn't memorise any spells.
You knew the following spells:

 Your Spells              Type           Power        Failure   Level  Hunger
a - Freeze                Ice            ##..         7%          1    #......
b - Throw Frost           Conj/Ice       #.....       14%         2    ###....
c - Ozocubu's Armour      Chrm/Ice       #.......     34%         3    ###....


Dungeon Overview and Level Annotations

Branches:
Dungeon (2/15)

Altars:


Innate Abilities, Weirdness & Mutations

You have a beak for a mouth.
You have claws for feet.


Message History

The hobgoblin shouts!
The adder bites you.
Casting: Throw Frost
Confirm with . or Enter, or press ? or * to list all spells.
Aiming: Freeze
Press: ? - help, Shift-Dir - straight line, f/p - adder
Aim: an adder (heavily wounded, inner flame)
You freeze the adder.
The adder seems to slow down.
The adder is almost dead.
The adder barely misses you.
Casting: Freeze
Confirm with . or Enter, or press ? or * to list all spells.
Aiming: Freeze
Press: ? - help, Shift-Dir - straight line, f/p - adder
Aim: an adder (almost dead, slow, inner flame)
You freeze the adder.
The adder explodes!
The fiery explosion engulfs you!
Ouch! That really hurt!
You die...

# #.#.###### ..
#........# #.
#.#.#.#.?
#.#####.......
##.......#.#.#
###..........g.#
..........##.####.#
#.#.....§§§...g.$...
.......<@§##########
........§§#
.........##
###...#### #... #...
##. #.


You could see a hobgoblin and a goblin.

Vanquished Creatures
  An ooze (D:1)
  A dart slug (D:1)
  A leopard gecko (D:1)
  A giant cockroach (D:1)
  5 hobgoblins (D:1)
  3 jackals (D:1)
  4 kobolds (D:1)
  2 frilled lizards (D:1)
  2 rats (D:1)
20 creatures vanquished.

Notes
Turn   | Place    | Note
-------+----------+-------------------------------------------
     0 | D:1      | Espgualade the Tengu Ice Elementalist began the quest for the Orb.
     0 | D:1      | Reached XP level 1. HP: 10/10 MP: 4/4
    38 | D:1      | Reached skill level 1 in Fighting
    80 | D:1      | Reached XP level 2. HP: 1/16 MP: 0/6
   802 | D:1      | Reached XP level 3. HP: 4/22 MP: 4/7
  1193 | D:1      | Learned a level 2 spell: Throw Frost
  1197 | D:1      | Learned a level 3 spell: Ozocubu's Armour
  1213 | D:2      | Killed from afar by an adder

Vault maps used:
D:1:      lemuel_arrival_funnel
D:2:      kennysheep_generic_room_5

Skill      XL: |  1  2 |
---------------+-------+-----
Fighting       | 1 2 |  2.7
Dodging        | |  2.1
Stealth        | |  2.0
Spellcasting   | |  2.0
Conjurations   | |  1.3
Ice Magic      | |  2.6

Action                   || total
-------------------------++-------
Melee: Unarmed           ||     8
       Kick              ||    14
       Peck              ||     8
       Mace              ||    36
 Cast: Freeze            ||    10
       Throw Frost       ||     3
  Use: Scroll            ||     1
 Stab: Sleeping          ||     4
  Eat: Chunk             ||     1
Armor: Robe              ||     7
Dodge: Dodged            ||    35

Table legend:
 A = Spawn XP
 B = Non-spawn XP
 C = Spawn XP percentage of total XP
 D = Spawn monster count
 E = Non-spawn monster count
 F = Spawn count percentage of total count
 G = Total turns spent on level
                    A         B        C        D         E        F      G
               +---------+---------+-------+---------+---------+-------+---------
         Total |       0 |      43 |   0.0 |       0 |      20 |   0.0 |  1213
               +---------+---------+-------+---------+---------+-------+---------
           D:1 |       0 |      43 |   0.0 |       0 |      20 |   0.0 |  1198
               +---------+---------+-------+---------+---------+-------+---------
